 Dungeon Crawl Stone Soup version 0.28-a0-802-g09f76e8c00 (webtiles) character file.

Game seed: 2225547693739806988

18 iamoutofideas the Firebug (level 2, -2/19 HPs)
             Began as a Demonspawn Fire Elementalist on Nov 6, 2021.
             Slain by a jackal (3 damage)
             ... on level 1 of the Dungeon.
             The game lasted 00:01:30 (925 turns).

iamoutofideas the Firebug (DsFE)                     Turns: 925, Time: 00:01:30

Health: -2/19      AC:  4    Str:  8    XL:     2   Next: 48%
Magic:  0/5        EV: 12    Int: 16    God:
Gold:   15         SH:  0    Dex: 13    Spells: 4/5 levels left

rFire   . . .      SeeInvis .   (no weapon)
rCold   . . .      Faith    .   (no shield)
rNeg    . . .      Spirit   .   a - +0 robe
rPois   .          Reflect  .   (no helmet)
rElec   .          Harm     .   (no cloak)
rCorr   .          Rampage  .   (no gloves)
Will    .....                   (no boots)
Stlth   ++........              (no amulet)
HPRegen 0.06/turn               (no ring)
MPRegen 0.09/turn               (no ring)

@: no status effects
A: molten scales 1
a: no special abilities


You were on level 1 of the Dungeon.
You visited 1 branch of the dungeon, and saw 1 of its levels.

You collected 15 gold pieces.

Inventory:

Hand Weapons
 c - a +0 short sword
Armour
 a - a +0 robe (worn)
Scrolls
 b - a scroll of noise {unknown}
 g - a scroll of identify {unknown}
Potions
 d - a potion of might {unknown}
 e - a potion of flight {unknown}
 f - a potion of curing {unknown}


   Skills:
 + Level 1.9 Dodging
 - Level 1.7 Stealth
 + Level 2.3 Spellcasting
 + Level 1.1 Conjurations
 + Level 3.1 Fire Magic


You had 4 spell levels left.
You knew the following spells:

 Your Spells              Type           Power      Damage    Failure   Level
a - Foxfire               Conj/Fire      32%        2x1d5     9%          1

Your spell library contained the following spells:

 Spells                   Type           Power      Damage    Failure   Level
 Scorch                   Fire           22%        2d6       9%          2
 Conjure Flame            Conj/Fire      8%         6-21      26%         3
 Inner Flame              Hex/Fire       6%         N/A       32%         3
 Flame Wave               Conj/Fire      8%         3d4       63%         4


Dungeon Overview and Level Annotations

Branches:
Dungeon (1/15)

Altars:


Innate Abilities, Weirdness & Mutations

You are partially covered in molten scales. (AC +2)


Message History

The jackal is severely wounded.
The jackal bites you. The jackal misses you.
You barely miss the jackal.
The jackal is severely wounded.
The jackal barely misses you.
You closely miss the jackal.
The jackal is severely wounded.
The jackal bites you.
You completely miss the jackal.
The jackal is severely wounded.
The jackal bites you.
* * * LOW HITPOINT WARNING * * *
The jackal bites you but does no damage.
You closely miss the jackal.
The jackal is severely wounded.
The jackal bites you but does no damage.
The jackal barely misses you. The jackal bites you.
* * * LOW HITPOINT WARNING * * *
The jackal barely misses you.
Casting: Foxfire (safe; 9% risk of failure)
Confirm with . or Enter, or press ? or * to list all spells.
You conjure some foxfire!
The jackal closely misses you. The jackal bites you.
* * * LOW HITPOINT WARNING * * *
The foxfire hits the jackal.
The jackal is almost dead.
The foxfire hits the jackal but does no damage.
The jackal is almost dead.
The jackal barely misses you.
You see here a jackal corpse.
The jackal bites you.
* * * LOW HITPOINT WARNING * * *
The jackal bites you but does no damage.
Casting: Foxfire (safe; 9% risk of failure)
Confirm with . or Enter, or press ? or * to list all spells.
You conjure some foxfire!
The jackal misses you.
Your foxfire dissipates!
The jackal bites you but does no damage.
The jackal bites you.
You die...

#.. #..####.#
#######..####.#
#.............#
#
#.#......######
#.#.#.##†###
#.#.# #.# ...
#.# #.####h#
#....@.#
########


You could see a jackal.

Vanquished Creatures
  A bat (D:1)
  2 endoplasms (D:1)
  2 hobgoblins (D:1)
  3 jackals (D:1)
  2 kobolds (D:1)
  2 quokkas (D:1)
  A ball python (D:1)
  A frilled lizard (D:1)
  A goblin (D:1)
15 creatures vanquished.

Vanquished Creatures (others)
  59 foxfires (D:1)
59 creatures vanquished.

Grand Total: 74 creatures vanquished

Notes
Turn   | Place    | Note
-------+----------+-------------------------------------------
     0 | D:1      | iamoutofideas the Demonspawn Fire Elementalist began the
                  | quest for the Orb.
     0 | D:1      | Reached XP level 1. HP: 13/13 MP: 3/3
   613 | D:1      | Gained mutation: You are partially covered in molten
                  | scales. (AC +2) [demonic ancestry]
   613 | D:1      | Reached XP level 2. HP: 19/19 MP: 1/5
   683 | D:1      | Reached skill level 3 in Fire Magic
   925 | D:1      | Slain by a jackal

Illustrated notes

Levels and vault maps discovered:
D:1:      minmay_arrival_jagged, layout_loops_cross, serial_shops,
          nicolae_shop_waterfront

Skill      XL: |  1  2 |
---------------+-------+-----
Fire Magic     | 3 |  3.1
Dodging        | |  1.9
Stealth        | |  1.7
Spellcasting   | |  2.3
Conjurations   | |  1.1

Action                   || total
-------------------------++-------
Melee: Unarmed           ||    16
 Cast: Foxfire           ||    34
Armor: Robe              ||    15
Dodge: Dodged            ||    27

Table legend: (Time is in decaauts)
 A = Elapsed time spent in this place.
 B = Non-inter-level travel time spent in this place.
 C = Inter-level travel time spent in this place.
 D = Time resting spent in this place.
 E = Time spent auto-exploring this place.
 F = Levels seen in this place.
 G = Mean time per level.
                   A        B        C        D        E       F      G
               +--------+--------+--------+--------+--------+-----+--------+
         Total |    925 |    925 |      0 |    345 |    427 |   1 |  925.0 |
       Dungeon |    925 |    925 |      0 |    345 |    427 |   1 |  925.0 |
               +--------+--------+--------+--------+--------+-----+--------+

Top non-repeatable levels by time:
     D:1: 925 daAuts
